 Dungeon Crawl Stone Soup version 0.30-a0-778-g2ef04afb54 (webtiles) character file.

Game seed: 1870255932208805993

31 Esekla the Sneak (level 3, 26/26 HPs)
             Began as an Octopode Delver on Feb 16, 2023.
             Quit the game on level 5 of the Dungeon.
             The game lasted 00:01:44 (180 turns).

Esekla the Sneak (Octopode Delver)                   Turns: 180, Time: 00:01:45

Health: 26/26      AC:  1    Str: 11    XL:     3   Next: 22%
Magic:  3/3        EV: 13    Int: 14    God:
Gold:   16         SH:  0    Dex: 13    Spells: 3/3 levels left

rFire   . . .      SeeInvis .    a - +0 falchion
rCold   . . .      Faith    .    (no shield)
rNeg    . . .      Spirit   .    (helmet restricted)
rPois   .          Reflect  .    (no amulet)
rElec   .          Harm     .    (no ring)
rCorr   .          Rampage  .    (no ring)
Will    .....                    (no ring)
Stlth   ++++                     (no ring)
HPRegen 0.24/turn                (no ring)
MPRegen 0.08/turn                (no ring)
                                 (no ring)
                                 (no ring)

@: no status effects
A: almost no armour, amphibious, 8 rings, camouflage 1, gelatinous body 1,
(nimble swimmer 1), tentacles
a: no special abilities


You were on level 5 of the Dungeon.
You visited 1 branch of the dungeon, and saw 1 of its levels.

You collected 16 gold pieces.

Inventory:

Hand Weapons
 a - a +0 falchion (weapon)
Wands
 f - a wand of digging (3)
Scrolls
 b - a scroll of fog
 c - a scroll of enchant armour {unknown}
 d - a scroll of fear
 g - a scroll of poison {unknown}
Potions
 e - a potion of haste
 h - 2 potions of brilliance {unknown}


   Skills:
 * Level 3.2 Fighting
 * Level 2.2 Long Blades
 * Level 2.2 Dodging
 + Level 7.2 Stealth
 * Level 0.6 Spellcasting


You had 3 spell levels left.
You didn't know any spells.
Your spell library was empty.

Dungeon Overview and Level Annotations

Branches:
Dungeon (5/15)
 Temple: D:4-7

Altars:

Shops:
D:5 :


Innate Abilities, Weirdness & Mutations

You cannot wear most types of armour.
You are amphibious.
You can wear up to eight rings at the same time.
Your skin changes colour to match your surroundings (Stealth+).
Your rubbery body absorbs attacks. (AC +1, EV +1)
((You are camouflaged when in or above water. (Stealth+)))
You have tentacles for arms and can constrict up to eight enemies at once.


Message History

You hit the hound. Your grab misses the hound. Your squeeze misses the hound.
The hound is lightly wounded.
The hound barely misses you.
You hit the hound but do no damage. You grab the hound.
The hound is lightly wounded.
You constrict the hound, but do no damage.
The hound misses you. The hound bites you.
You hit the hound.
The hound is heavily wounded.
You constrict the hound. The hound closely misses you. The hound bites you.
You barely miss the hound.
The hound is heavily wounded.
You constrict the hound. The hound barely misses you. The hound bites you.
You hit the hound but do no damage.
The hound is heavily wounded.
You constrict the hound. The hound bites you. x2
* * * LOW HITPOINT WARNING * * *
You hit the hound.
The hound is almost dead.
You constrict the hound.
You kill the hound!
Your Stealth skill increases to level 7!
You have reached level 2!
You have reached level 3!
Your experience leads to an increase in your attributes!
Increase (S)trength, (I)ntelligence, or (D)exterity?
You feel clever. x2
You now have 16 gold pieces.
You see here a hound corpse.
You start resting.
A black bear is nearby!
You see here a +0 sling.
Found a stone staircase leading down.
An ufetubus comes into view.
Found 11 gold pieces.
An iguana comes into view.
Found a scroll labelled XYETUNOAPT.
A quokka comes into view.
Found 7 gold pieces.
Are you sure you want to abandon this character and quit the game? (Confirm with "yes".)

********,**** *,,,,,,,<,,,*
*,#*****,*,** *.# *,,,*,* *.#
*,***,* *#l####.* *,* ######
########.......* *,* #....#
#....W.......#** *,*
##....####.#####@.....#* *,*
.)...........>##...∩...# *,*
##.....###.#..##....5..#***,*
.......# #.#..##...$....,,,,*
##.....# #.#,..#.......r,,***
##.....# #.#*.###....#.#*,*
##.....#*#..,,.,,....?,$*,*
##.#.#......,,..*.###..,*,*
#..#.#######*,*,*,,,,,,,*,*


You could see a phantom, an iguana (asleep), an ufetubus (asleep) and a quokka
(asleep).

Vanquished Creatures
  A hound (D:5)
1 creature vanquished.

Notes
Turn   | Place    | Note
-------+----------+-------------------------------------------
     0 | D:5      | Esekla the Octopode Delver began the quest for the Orb.
     0 | D:5      | Reached XP level 1. HP: 16/16 MP: 1/1
    11 | D:5      | Noticed a black bear
    21 | D:5      | Noticed a phantom
    70 | D:5      | Found Imokhaa's Book Emporium.
    82 | D:5      | Noticed a hound
   102 | D:5      | Killed a hound
   103 | D:5      | Reached skill level 7 in Stealth
   103 | D:5      | Reached XP level 2. HP: 6/21 MP: 2/2
   103 | D:5      | Reached XP level 3. HP: 8/26 MP: 3/3
   180 | D:5      | Quit the game

Illustrated notes

Levels and vault maps discovered:
D:5:      layout_basic, serial_demonic, serial_demonic_a, serial_demonic_a,
          serial_demonic_g, serial_demonic_c, serial_demonic_b,
          serial_demonic_d, serial_demonic_b, serial_demonic_b,
          serial_demonic_e, serial_demonic_b, serial_shops,
          kennysheep_little_box, uniq_crazy_yiuf_cottage

Skill      XL: |  1 |
---------------+----+-----
Stealth        | 7 |  7.2
Fighting       | |  3.2
Long Blades    | |  2.2
Dodging        | |  2.2
Spellcasting   | |  0.6

Action                     || total
---------------------------++-------
  Melee: Falchion          ||     6
         Constrict         ||     1
    Use: Scroll            ||     1
  Dodge: Dodged            ||     4

Table legend: (Time is in decaauts)
 A = Elapsed time spent in this place.
 B = Non-inter-level travel time spent in this place.
 C = Inter-level travel time spent in this place.
 D = Time resting spent in this place.
 E = Time spent auto-exploring this place.
 F = Levels seen in this place.
 G = Mean time per level.
                   A        B        C        D        E       F      G
               +--------+--------+--------+--------+--------+-----+--------+
         Total |    181 |    181 |      0 |     58 |      0 |   1 |  181.0 |
       Dungeon |    181 |    181 |      0 |     58 |      0 |   1 |  181.0 |
               +--------+--------+--------+--------+--------+-----+--------+

Top non-repeatable levels by time:
     D:5: 181 daAuts
